Map: Kimeran Refuge

Players

Tino

  • Race: Protoss Protoss
  • League: Silver
  • Spawn Location: 12:00

arqal

  • Race: Terran Terran
  • Spawn Location: 11:00

chickenall

  • Race: Terran Terran
  • Spawn Location: 12:00

ajb

  • Race: Terran Terran
  • Spawn Location: 1:00

Grumm - Winner!

  • Race: Zerg Zerg
  • League: Gold
  • Spawn Location: 6:00

devrand - Winner!

  • Race: Protoss Protoss
  • Spawn Location: 7:00

Arquimedes - Winner!

  • Race: Protoss Protoss
  • Spawn Location: 5:00

CAO - Winner!

  • Race: Terran Terran
  • Spawn Location: 6:00

VOD

Have the link to the VOD?

Description

Time

  • Played on: Jan. 20, 2016, 1:49 a.m.
  • Length: 17:27
Show
View Real Time Build Order
Export as new Build Order

Tino Protoss 

Build Orders: 1 Gate Expand 

Get SALT Encoding   

  12  0:02  Probe (Chrono Boost)  
  13  0:13  Pylon  
  13  0:27  Probe (Chrono Boost)  
  14  0:32  Gateway  
  14  0:38  Probe (Chrono Boost)  
  14  0:42  Assimilator  
  15  0:49  Probe (Chrono Boost)  
  16  0:59  Probe (Chrono Boost)  
  17  1:10  Probe (Chrono Boost)  
  18  1:20  Probe (Chrono Boost)  
  19  1:28  Nexus  
  19  1:54  Cybernetics Core  
  19  1:56  Probe (Chrono Boost)  
  19  2:01  Pylon  
  20  2:10  Assimilator  
  20  2:11  Gateway  
  20  2:17  Probe (Chrono Boost)  
  21  2:28  Probe (Chrono Boost)  
  22  2:35  Stalker  
  24  2:38  Probe (Chrono Boost)  
  24  2:40  Warp Gate (Chrono Boost)  
  27  2:51  Mothership Core (Chrono Boost)  
  27  2:58  Forge  
  27  3:01  Probe (Chrono Boost)  
  28  3:06  Sentry  
  28  3:09  Probe (Chrono Boost)  
  28  3:11  Probe (Chrono Boost)  
  32  3:15  Stalker  
  34  3:35  Protoss Ground Weapons Level 1  
  34  3:44  Photon Cannon  
  34  3:48  Photon Cannon  
  34  3:49  Stalker, Adept  
  38  4:02  Pylon  
  38  4:12  Robotics Facility  
  38  4:18  Gateway  
  38  4:20  Gateway  
  38  4:24  Probe  
  38  4:25  Probe  
  40  4:42  Pylon  
  40  4:44  Probe  
  41  4:45  Probe  
  41  4:48  Pylon  
  42  4:54  Probe  
  42  4:57  Probe  
  44  5:35  Probe  
  44  5:37  Robotics Bay, Probe  
  46  5:46  Probe  
  46  5:48  Assimilator  
  46  5:49  Probe  
  48  5:52  Assimilator  
  48  5:56  Probe  
  48  5:58  Stalker  
  48  5:59  Stalker x3  
  48  6:01  Probe  
  58  6:04  Protoss Ground Armor Level 1  
  58  6:11  Probe  
  58  6:13  Twilight Council, Probe  
  60  6:21  Probe  
  60  6:25  Probe  
  62  6:32  Probe  
  62  6:37  Probe  
  64  6:42  Probe  
  64  6:46  Stalker x2  
  69  7:03  Templar Archives  
  69  7:07  Pylon  
  69  7:09  Pylon  
  69  7:24  Colossus  
  69  7:27  Nexus  
  75  7:30  Assimilator  
  75  7:34  Assimilator, Stalker, Photon Cannon  
  75  7:35  Stalker x3  
  83  7:37  Pylon  
  83  7:38  Photon Cannon  
  83  7:40  Pylon  
  83  7:43  Pylon  
  76  8:19  Observer  
  71  8:21  Stalker x4  
  79  8:39  Gateway x2  
  79  8:58  High Templar x3  
  79  9:02  Psionic Storm  
  85  9:12  Pylon  
  85  9:15  Pylon  
  85  9:17  Pylon  
  85  9:20  Pylon  
  40  9:41  High Templar, Stalker x2  
  40  9:42  High Templar  
  40  9:43  High Templar x2  
  50  10:07  Stalker x2  
  54  10:26  Stalker  
  54  10:27  Stalker x3  
  56  10:45  Stalker x2  
  55  10:56  Stalker x3  
  55  10:57  Stalker  
  61  11:04  Colossus  
  65  11:25  High Templar x2  
  69  11:41  Nexus  
  69  11:55  Stalker x3  
  69  11:56  Stalker  
  73  12:02  Protoss Ground Weapons Level 2  
  73  12:26  Pylon  
  73  12:29  Pylon  
  73  12:31  Assimilator  
  73  12:32  Assimilator  
  73  12:35  Assimilator  
  73  12:49  Stalker  
  73  12:50  High Templar x2  
Show
View Real Time Build Order
Export as new Build Order

arqal Terran 

Build Orders:  

Get SALT Encoding   

  12  0:01  SCV  
  13  0:13  SCV  
  14  0:23  Supply Depot  
  14  0:25  SCV  
  15  0:45  SCV  
  15  0:47  Barracks  
  16  0:52  Refinery  
  16  1:04  SCV  
  17  1:26  SCV  
  18  1:34  Command Center  
  18  1:36  Supply Depot  
  18  1:38  Marine  
  19  1:44  SCV  
  20  1:56  SCV  
  20  1:59  Marine  
  22  2:04  Barracks  
  22  2:08  SCV  
  23  2:29  Barracks Tech Lab  
  23  2:40  SCV  
  23  2:43  Refinery  
  24  2:47  Refinery  
  24  2:50  Barracks Reactor  
  24  2:57  SCV  
  24  2:58  Engineering Bay  
  25  3:00  Marine  
  25  3:01  Combat Shields  
  26  3:06  SCV  
  26  3:09  SCV  
  28  3:17  Marine  
  29  3:21  SCV  
  30  3:33  SCV  
  31  3:35  Marine  
  31  3:39  Sensor Tower  
  32  3:45  SCV  
  32  3:47  SCV  
  34  3:49  Marine x2  
  34  3:53  Marine  
  37  3:58  SCV  
  38  4:10  SCV  
  39  4:24  Planetary Fortress  
  39  4:26  SCV  
  39  4:28  Marine  
  39  4:29  Marine x2  
  43  4:38  SCV  
  43  4:45  Refinery  
  44  4:46  Marine  
  44  4:47  Terran Infantry Weapons Level 1  
  44  4:50  SCV  
  44  4:52  Barracks  
  46  5:01  Supply Depot  
  46  5:12  Orbital Command  
  46  5:23  Marine x3  
  46  5:24  Supply Depot  
  49  5:34  SCV  
  50  5:41  Supply Depot, Marine  
  51  5:46  SCV  
  52  5:58  SCV  
  54  6:04  SCV  
  54  6:10  SCV  
  55  6:16  SCV  
  56  6:20  Supply Depot  
  56  6:21  Barracks Reactor  
  56  6:22  SCV  
  56  6:25  Marine  
  58  6:26  Marine x2  
  58  6:28  SCV  
  61  6:35  SCV  
  62  6:43  Marine x2  
  62  6:44  Marine  
  65  6:58  SCV  
  66  7:03  Supply Depot, Marine  
  66  7:04  Marine  
  66  7:05  Marine  
  66  7:06  Marine  
  71  7:10  Marauder, SCV  
  71  7:15  Terran Infantry Armor Level 1  
  73  7:20  Factory  
  73  7:21  Marine  
  73  7:22  Marine  
  75  7:23  Marine  
  75  7:27  Engineering Bay  
  76  7:32  Marauder, Supply Depot  
  78  8:11  Missile Turret  
  78  8:23  Armory  
  78  8:26  Starport, Factory Tech Lab  
  78  8:28  Marine x5  
  83  8:36  Missile Turret  
  83  8:47  Marine  
  83  8:48  Marine x2  
  86  8:50  Widow Mine  
  88  8:56  Starport  
  88  9:19  Widow Mine  
  76  9:43  Marine x3  
  76  9:44  Marine x2  
  54  10:01  Marine  
  49  10:30  Marine x2  
  49  10:31  Marine x2  
  49  10:32  Marine  
  49  10:33  Terran Infantry Weapons Level 2  
  49  10:34  Terran Infantry Armor Level 2  
  54  10:37  Medivac  
  54  10:38  Barracks  
  54  10:40  Medivac  
  53  10:47  Barracks  
  39  11:07  Medivac  
  39  11:09  Medivac  
  43  11:12  Marine x2  
  43  11:13  Marine x2  
  47  11:30  Marine x2  
  47  11:31  Marine x4  
  53  11:43  Command Center  
  49  11:48  Marine x2  
  49  12:19  Marine x2  
  49  12:20  Marine x3  
  49  12:21  Marine  
  55  12:22  Barracks Reactor  
  55  13:10  Marine x4  
  55  13:11  Marine x2  
  28  13:27  Marine  
Show
View Real Time Build Order
Export as new Build Order

chickenall Terran 

Build Orders:  

Get SALT Encoding   

  12  0:01  SCV  
  13  0:13  SCV  
  14  0:19  Supply Depot  
  14  0:26  Refinery  
  14  0:28  SCV  
  15  0:42  SCV  
  16  0:54  SCV, Barracks  
  17  1:00  Refinery  
  17  1:06  SCV  
  18  1:19  SCV  
  19  1:31  SCV  
  20  1:42  Reaper  
  20  1:43  SCV  
  20  1:46  Supply Depot  
  22  2:02  Orbital Command  
  22  2:12  Factory  
  22  2:14  Factory  
  22  2:26  Marine  
  22  2:28  SCV  
  24  2:32  Supply Depot  
  24  2:43  Marine  
  25  3:01  Marine  
  26  3:19  Command Center, Hellion x2  
  31  3:24  SCV  
  32  3:27  Engineering Bay  
  31  3:42  SCV, Barracks, Barracks Reactor  
  31  3:47  Factory Tech Lab x2  
  32  3:54  SCV  
  33  4:15  Missile Turret, Factory Tech Lab  
  33  4:16  Infernal Pre-Igniter  
  33  4:20  SCV  
  34  4:26  Marine x2  
  36  4:35  Hellion  
  36  4:37  Marine  
  39  4:44  Marine, SCV  
  41  4:46  Missile Turret  
  41  4:54  Orbital Command  
  41  5:08  SCV  
  41  5:13  Refinery  
  42  5:18  Combat Shields  
  42  5:20  SCV  
  43  5:25  SCV  
  44  5:32  SCV  
  44  5:33  Marine x2  
  47  5:41  SCV  
  48  5:44  SCV  
  48  5:47  Supply Depot  
  48  5:49  Supply Depot  
  49  5:50  Siege Tank  
  49  5:51  Marine  
  49  5:52  Marine x2  
  49  5:53  SCV  
  56  6:00  Refinery  
  56  6:17  Siege Tank  
  59  6:19  Command Center  
  59  6:30  Missile Turret  
  59  6:38  Marine x3, Siege Tank  
  65  6:50  Bunker  
  68  6:56  Marine x3, SCV x2  
  73  7:03  Supply Depot  
  73  7:04  Supply Depot  
  74  7:08  SCV  
  74  7:10  Stimpack  
  71  7:20  Factory Tech Lab  
  71  7:25  Missile Turret  
  71  7:36  Refinery, Marine x2  
  71  7:37  Marine  
  72  7:41  Orbital Command  
  74  7:48  Refinery  
  74  7:54  Supply Depot, Marine x3  
  76  8:08  Hellion x2  
  76  8:12  Marine x3  
  83  8:29  Hellion  
  83  8:30  Marine x3  
  88  8:36  Starport, Supply Depot  
  88  8:43  Siege Tank  
  88  8:48  Marine x3  
  93  8:50  SCV x2  
  96  8:58  Terran Infantry Weapons Level 1  
  96  9:00  Armory  
  96  9:02  SCV  
  97  9:05  Marine  
  97  9:09  Marine x2  
  99  9:14  SCV  
  99  9:15  Engineering Bay  
  99  9:16  Medivac  
  103  9:17  High Capacity Fuel Tanks  
  103  9:23  Marine  
  104  9:27  Marine  
  105  9:45  Medivac  
  107  9:58  Marine x2  
  107  9:59  Marine  
  108  10:15  Medivac  
  108  10:16  Marine x3  
  113  10:37  Missile Turret  
  113  10:39  Marine x3  
  106  11:01  Thor x2  
  106  11:02  Marine x3  
  115  11:12  Orbital Command  
  113  11:37  Missile Turret  
  112  11:43  Missile Turret  
  112  11:44  Thor x2  
  120  11:51  Refinery  
  117  11:56  Orbital Command, SCV  
  118  12:08  SCV  
  119  12:20  SCV  
  120  12:27  Thor x2  
  132  12:32  SCV  
  130  12:40  Barracks Tech Lab  
  129  12:44  Factory, SCV  
  130  12:57  Starport Tech Lab  
  129  13:00  Missile Turret  
  129  13:06  Factory  
  129  13:07  Starport Reactor  
  129  13:29  Terran Vehicle Weapons Level 1  
  129  13:54  Thor x2  
  141  14:00  Supply Depot  
  141  14:21  Thor  
  147  14:24  SCV  
  148  14:34  Thor  
  148  14:37  SCV  
  155  14:41  Viking  
  157  14:49  Terran Infantry Armor Level 1  
  157  14:55  Thor  
  157  14:56  SCV  
  157  14:59  Supply Depot  
  164  15:08  SCV  
  165  15:20  Viking, Thor  
  173  15:24  Terran Vehicle And Ship Armor Level 1  
  173  15:26  Thor  
  173  15:28  Thor  
  155  15:38  Thor  
  126  16:03  Thor  
  120  16:09  Thor  
  126  16:11  Thor  
  123  16:21  Thor  
Show
View Real Time Build Order
Export as new Build Order

ajb Terran 

Build Orders: Command Center First (CC) 

Get SALT Encoding   

  12  0:01  SCV  
  13  0:16  Supply Depot  
  13  0:19  SCV  
  14  0:32  SCV  
  15  0:44  SCV  
  16  1:04  Command Center  
  16  1:08  SCV  
  17  1:17  Refinery  
  17  1:30  SCV  
  18  1:42  SCV, Barracks  
  19  1:51  Engineering Bay  
  20  1:54  SCV  
  20  2:00  Refinery  
  20  2:06  SCV  
  21  2:18  SCV  
  22  2:27  SCV  
  23  2:30  SCV  
  24  2:42  Planetary Fortress  
  24  2:53  Barracks Tech Lab  
  24  2:56  Barracks  
  23  2:58  Orbital Command  
  23  3:24  Marauder  
  23  3:25  Factory  
  23  3:26  SCV  
  26  3:37  SCV  
  26  3:38  SCV  
  28  3:50  Marauder, SCV  
  28  3:51  Supply Depot, Barracks Reactor  
  31  3:57  Concussive Shells  
  31  4:02  SCV  
  32  4:03  Missile Turret  
  32  4:10  Factory Reactor  
  32  4:14  SCV  
  32  4:15  Starport  
  33  4:18  Marauder  
  33  4:22  Supply Depot  
  35  4:24  SCV  
  35  4:27  SCV  
  35  4:28  Marine x2  
  39  4:36  SCV  
  40  4:39  SCV  
  40  4:41  Terran Infantry Weapons Level 1  
  40  4:44  Supply Depot  
  41  4:46  Marine x2  
  43  4:59  Factory Tech Lab  
  43  5:02  Medivac, Missile Turret  
  43  5:03  Marine x2  
  43  5:04  Medivac  
  49  5:08  Marine  
  50  5:14  SCV, Barracks  
  51  5:21  Marine x2  
  51  5:22  Supply Depot  
  51  5:24  SCV  
  51  5:26  Marine, SCV  
  56  5:39  Marine  
  56  5:41  Command Center  
  57  5:50  Marine x2  
  58  5:57  Marine  
  59  6:08  Marine x2  
  60  6:35  Marine x3  
  60  6:36  Marine  
  64  6:55  SCV  
  64  6:57  Barracks Reactor  
  64  7:00  Barracks  
  65  7:07  SCV  
  66  7:12  Siege Tank  
  69  7:19  Supply Depot, SCV  
  70  7:25  Command Center  
  70  7:27  Missile Turret  
  70  7:40  Medivac x2  
  70  7:41  SCV  
  70  7:42  Supply Depot  
  75  7:44  Siege Tank  
  66  8:29  Command Center  
  66  8:37  Viking x2, Marine x5, Siege Tank  
  66  8:40  Orbital Command  
  78  8:46  Refinery  
  78  8:52  Supply Depot  
  78  9:13  Marine, Siege Tank  
  78  9:15  Supply Depot  
  82  9:18  Marine x3  
  85  9:27  Refinery  
  85  9:28  Refinery  
  85  9:38  Supply Depot  
  85  10:02  Marine x6  
  91  10:07  SCV  
  91  10:10  Refinery  
  92  10:19  Factory, Marine x2, SCV  
  92  10:20  Marine x4  
  99  10:37  Marine x3  
  99  10:38  Marine  
  102  10:52  Stimpack  
  102  10:54  Marine  
  102  10:55  Marine  
  102  10:56  Marine x2  
  102  10:57  Marine x2  
  97  11:12  Marine  
  97  11:13  Marine  
  97  11:14  Marine x2  
  97  11:15  Marine  
  102  11:19  Orbital Command  
  102  11:24  Supply Depot  
  102  11:28  Barracks Tech Lab  
  102  11:30  Marine  
  102  11:32  Engineering Bay  
  102  11:42  Command Center  
  102  11:45  SCV  
  103  11:49  Combat Shields  
  101  12:15  Marine x3  
  101  12:17  Medivac  
  101  12:18  Medivac  
  101  12:21  Supply Depot, Terran Infantry Armor Level 1  
  108  12:23  Armory  
  108  12:24  SCV  
  109  12:31  Bunker  
  109  12:36  SCV  
  110  12:47  Medivac  
  110  12:48  SCV  
  113  13:00  SCV  
  107  13:13  SCV  
  108  13:20  Orbital Command, Missile Turret  
  108  13:23  Marine x6  
  114  13:39  Terran Vehicle Weapons Level 1  
  114  13:41  Supply Depot, Marine x6  
  115  13:43  Factory Reactor  
  120  13:53  Barracks  
  120  13:58  Marine  
  120  13:59  Marine x5  
  126  14:10  Medivac  
  126  14:11  Medivac  
  126  14:14  SCV  
  126  14:16  Marine x2  
  126  14:17  Marine x4  
  133  14:18  Supply Depot  
  137  14:26  SCV  
  138  14:34  Marine x3  
  141  14:40  Medivac, Marine x3, SCV  
  141  14:41  Medivac  
  149  14:50  Missile Turret  
  149  14:54  Barracks Reactor  
  149  14:59  Supply Depot  
  149  15:00  Supply Depot  
  149  15:01  Supply Depot  
  149  15:02  Supply Depot  
  149  15:03  Liberator  
  149  15:05  Engineering Bay  
  149  15:07  Supply Depot  
  149  15:19  Marine  
  149  15:20  Widow Mine, Marine x4  
  149  15:21  Widow Mine, Marine, SCV, Siege Tank  
  137  15:33  SCV  
  105  15:37  Marine  
  105  15:38  Marauder  
  105  15:39  Marauder  
  82  15:45  SCV  
  75  15:49  Widow Mine x2  
  74  15:53  Siege Tank  
  59  15:59  Marauder  
  59  16:01  Marauder  
  47  16:17  Widow Mine  
  47  16:18  Widow Mine  
  42  16:25  Widow Mine  
Show
View Real Time Build Order
Export as new Build Order

Grumm Zerg - Winner!

Build Orders: Hatch First, Lurkers 

Get SALT Encoding   

  12  0:01  Drone  
  13  0:11  Drone  
  14  0:17  Overlord  
  14  0:46  Drone, Hatchery  
  14  0:53  Drone  
  15  0:58  Extractor  
  14  1:12  Spawning Pool  
  14  1:13  Drone  
  14  1:20  Drone  
  15  1:28  Drone x2  
  17  1:39  Drone  
  18  1:53  Evolution Chamber  
  17  1:54  Drone  
  19  2:01  Drone  
  19  2:17  Queen  
  21  2:25  Queen  
  23  2:30  Metabolic Boost  
  23  2:36  Drone x2  
  25  2:50  Spine Crawler  
  24  2:53  Spine Crawler  
  24  2:54  Drone x2, Extractor  
  24  2:58  Drone  
  24  2:59  Drone  
  26  3:12  Zerg Melee Weapons Level 1  
  26  3:13  Lair  
  26  3:18  Drone x2  
  28  3:25  Extractor  
  28  3:26  Overlord  
  27  3:29  Overlord  
  27  3:35  Spore Crawler  
  27  3:38  Drone  
  27  3:46  Drone x3  
  27  3:48  Zergling x2  
  31  3:49  Zergling x2  
  31  3:52  Zergling x2  
  31  3:55  Zergling x2  
  34  4:15  Drone x2  
  34  4:16  Drone  
  37  4:17  Overlord  
  37  4:18  Zergling x4  
  39  4:36  Zergling x2  
  40  4:41  Extractor  
  40  4:44  Hydralisk Den  
  38  4:48  Overlord, Nydus Network  
  38  4:49  Overlord  
  37  4:59  Drone x4  
  41  5:24  Drone x2  
  43  5:37  Zerg Missile Weapons Level 1  
  43  5:38  Hydralisk x5  
  43  5:39  Hydralisk x2  
  57  5:43  Hatchery  
  55  6:10  Muscular Augments  
  53  6:27  Burrow  
  53  6:37  Zergling x2  
  53  6:38  Zergling x18  
  63  6:46  Roach Warren  
  62  6:51  Drone  
  63  6:59  Queen  
  65  7:06  Hydralisk  
  65  7:07  Hydralisk x3  
  73  7:08  Overlord  
  73  7:09  Overlord x2  
  73  7:19  Infestation Pit  
  72  7:26  Nydus Canal  
  72  7:35  Pneumatized Carapace  
  72  7:37  Hydralisk, Queen  
  72  7:38  Hydralisk  
  72  7:39  Zergling x2  
  72  7:40  Zergling x22, Nydus Canal  
  85  8:10  Zergling x2  
  85  8:11  Zergling x14  
  81  8:40  Overlord x2  
  81  8:46  Glial Reconstitution  
  90  8:51  Drone  
  90  8:52  Drone  
  59  9:48  Hydralisk x5  
  59  9:49  Hydralisk  
  59  9:50  Roach x6  
  83  10:10  Zerg Melee Weapons Level 2  
  83  10:11  Tunneling Claws  
  83  10:14  Lurker Den  
  83  10:52  Roach  
  83  10:53  Roach x9  
  103  11:03  Extractor x2  
  101  11:13  Drone  
  101  11:14  Drone x3  
  105  11:55  Overlord x5  
  105  12:10  Roach x16  
  102  12:21  Roach x16  
  99  12:46  Roach x16  
  99  12:48  Lurker  
  99  12:49  Lurker x4  
  99  12:50  Lurker  
  105  13:00  Roach x13  
  99  13:32  Roach  
  99  13:33  Roach x22  
  145  14:26  Nydus Canal  
  145  14:28  Overlord x3  
  145  14:29  Overlord x2  
  85  15:40  Zergling x2  
  85  15:41  Zergling x26  
  85  15:42  Zergling x28  
  82  16:18  Zergling x12  
  80  16:19  Zergling x6  
Show
View Real Time Build Order
Export as new Build Order

devrand Protoss - Winner!

Build Orders:  

Get SALT Encoding   

  12  0:03  Probe (Chrono Boost)  
  14  0:14  Probe (Chrono Boost)  
  14  0:24  Probe (Chrono Boost)  
  15  0:38  Pylon  
  15  0:49  Assimilator  
  15  0:56  Probe (Chrono Boost)  
  16  1:00  Gateway  
  16  1:12  Forge  
  16  1:15  Probe (Chrono Boost)  
  18  1:25  Probe (Chrono Boost)  
  18  1:36  Probe (Chrono Boost)  
  19  1:50  Photon Cannon  
  19  1:59  Nexus  
  19  2:02  Pylon  
  19  2:17  Cybernetics Core  
  19  2:24  Gateway  
  19  2:40  Assimilator  
  19  2:42  Probe (Chrono Boost)  
  20  2:54  Warp Gate (Chrono Boost)  
  20  2:59  Gateway  
  20  3:03  Gateway  
  20  3:07  Stalker  
  20  3:11  Probe (Chrono Boost)  
  23  3:17  Stalker  
  25  3:20  Probe (Chrono Boost)  
  26  3:27  Probe  
  26  3:31  Probe  
  28  3:39  Probe  
  28  3:40  Stalker  
  31  3:47  Stalker  
  33  3:51  Stalker  
  35  3:56  Probe  
  36  4:07  Probe  
  37  4:16  Stalker  
  39  4:22  Probe  
  40  4:26  Stalker  
  42  4:32  Probe  
  42  4:38  Pylon  
  43  4:51  Pylon  
  43  4:55  Assimilator  
  43  5:01  Protoss Ground Weapons Level 1 (Chrono Boost)  
  43  5:09  Stalker x3  
  43  5:10  Stalker  
  51  5:15  Probe  
  52  5:26  Probe  
  53  5:36  Robotics Facility  
  53  5:37  Probe  
  54  5:43  Pylon  
  54  5:46  Twilight Council  
  54  5:47  Probe  
  55  5:58  Probe  
  55  5:59  Assimilator  
  55  6:02  Pylon  
  56  6:05  Photon Cannon  
  56  6:08  Probe  
  56  6:09  Stalker  
  56  6:10  Stalker  
  61  6:13  Sentry  
  63  6:20  Blink (Chrono Boost)  
  63  6:24  Observer  
  64  6:45  Protoss Ground Armor Level 1 (Chrono Boost)  
  64  6:47  Dark Shrine  
  64  6:50  Gateway  
  64  7:10  Probe  
  64  7:14  Stalker  
  64  7:15  Stalker x3  
  73  7:22  Probe  
  74  7:43  Robotics Bay  
  74  7:58  Stalker  
  74  7:59  Stalker  
  78  8:08  Pylon  
  78  8:13  Protoss Shields Level 1 (Chrono Boost), Pylon  
  78  8:30  Colossus (Chrono Boost)  
  84  8:40  Pylon  
  84  8:43  Pylon  
  84  8:48  Pylon  
  84  8:50  Extended Thermal Lance (Chrono Boost)  
  84  9:05  Dark Templar  
  84  9:06  Dark Templar  
  88  9:14  Dark Templar  
  73  10:39  Protoss Ground Weapons Level 2  
  73  10:52  Stalker  
  73  10:53  Stalker x4  
  77  10:59  Colossus (Chrono Boost)  
  61  12:01  Stalker x4  
  65  12:02  Stalker  
  71  12:31  Dark Templar  
  71  12:33  Stalker x2  
  71  12:34  Stalker x2  
  81  12:37  Protoss Ground Armor Level 2  
  81  12:48  Colossus (Chrono Boost)  
  81  14:18  Stalker x2  
  81  14:19  Stalker x3  
  91  15:05  Stalker x2  
  91  15:06  Stalker x3  
  101  15:57  Stalker  
  101  15:58  Stalker x3  
  101  15:59  Stalker  
  111  16:51  Dark Templar x3  
  117  17:17  Pylon  
Show
View Real Time Build Order
Export as new Build Order

Arquimedes Protoss - Winner!

Build Orders: Double Forge 

Get SALT Encoding   

  12  0:01  Probe (Chrono Boost)  
  13  0:11  Probe (Chrono Boost)  
  14  0:18  Pylon  
  14  0:22  Probe (Chrono Boost)  
  15  0:36  Probe (Chrono Boost)  
  15  0:40  Assimilator  
  16  0:45  Assimilator  
  16  0:46  Probe (Chrono Boost)  
  18  0:57  Probe (Chrono Boost)  
  18  1:01  Pylon  
  18  1:07  Probe (Chrono Boost)  
  18  1:09  Gateway  
  19  1:47  Forge  
  19  1:50  Gateway  
  19  1:54  Forge  
  19  2:03  Assimilator  
  19  2:08  Assimilator  
  19  2:16  Nexus  
  19  2:26  Pylon  
  20  2:30  Probe (Chrono Boost)  
  20  2:40  Probe (Chrono Boost), Zealot  
  23  2:51  Probe (Chrono Boost)  
  23  3:17  Zealot  
  25  3:26  Zealot  
  27  3:32  Probe (Chrono Boost)  
  28  3:39  Protoss Ground Weapons Level 1 (Chrono Boost)  
  28  3:41  Probe  
  28  3:43  Probe  
  30  3:52  Probe  
  30  3:53  Zealot  
  33  4:01  Cybernetics Core  
  33  4:10  Zealot  
  33  4:15  Probe  
  36  4:23  Probe  
  37  4:26  Probe  
  38  4:35  Probe  
  38  4:36  Probe  
  40  4:47  Probe, Protoss Ground Armor Level 1 (Chrono Boost)  
  40  4:52  Probe  
  42  4:59  Probe  
  43  5:02  Warp Gate  
  43  5:04  Probe  
  44  5:11  Twilight Council, Probe  
  45  5:23  Stargate  
  45  5:33  Pylon  
  45  5:36  Pylon  
  45  5:40  Pylon  
  45  5:47  Pylon  
  45  5:50  Pylon  
  45  5:53  Charge  
  45  5:59  Protoss Ground Weapons Level 2 (Chrono Boost)  
  45  6:09  Probe  
  46  6:21  Probe  
  46  6:22  Nexus  
  46  6:24  Assimilator  
  47  6:28  Assimilator  
  47  6:31  Pylon  
  47  6:34  Probe  
  47  6:35  Pylon  
  48  6:46  Probe  
  49  6:49  Protoss Ground Armor Level 2 (Chrono Boost)  
  49  6:58  Probe  
  50  7:03  Gateway  
  50  7:10  Probe  
  50  7:13  Gateway  
  51  7:22  Probe  
  52  7:23  Fleet Beacon  
  52  7:26  Templar Archives  
  52  7:28  Dark Shrine  
  52  7:35  Pylon  
  52  7:39  Stargate  
  52  7:43  Stargate  
  52  7:57  Stargate  
  52  8:10  Carrier  
  58  8:23  Probe  
  59  8:31  Probe  
  59  8:33  Probe  
  60  8:36  Probe  
  62  8:43  Probe  
  62  8:44  Probe  
  62  8:48  Probe  
  65  8:54  Stalker x4  
  65  8:55  Probe x2  
  74  9:00  Probe  
  76  9:05  Probe  
  76  9:07  Protoss Ground Weapons Level 3 (Chrono Boost)  
  76  9:08  Protoss Ground Armor Level 3 (Chrono Boost)  
  77  9:40  Protoss Air Weapons Level 1 (Chrono Boost)  
  77  9:41  Carrier  
  77  9:43  Carrier  
  89  9:46  Carrier  
  59  10:18  Zealot x3  
  59  10:19  Zealot  
  67  10:24  Carrier (Chrono Boost)  
  73  11:01  Zealot  
  73  11:02  Zealot x3  
  81  11:15  Carrier (Chrono Boost)  
  93  11:19  Carrier (Chrono Boost)  
  93  11:23  Carrier (Chrono Boost)  
  93  11:24  Protoss Air Armor Level 1 (Chrono Boost)  
  99  11:38  Protoss Shields Level 1  
  99  12:06  Pylon  
  99  12:09  Pylon  
  99  12:11  Pylon  
  99  12:14  Pylon  
  99  12:18  Pylon  
  105  12:36  Carrier (Chrono Boost)  
  105  13:13  Protoss Air Weapons Level 2  
  105  13:22  Carrier (Chrono Boost)  
  105  13:25  Carrier (Chrono Boost)  
Show
View Real Time Build Order
Export as new Build Order

CAO Terran - Winner!

Build Orders: MMM Bio 

Get SALT Encoding   

  12  0:02  SCV  
  13  0:15  SCV  
  13  0:18  Supply Depot  
  14  0:27  SCV  
  15  0:46  Barracks  
  15  0:51  SCV  
  16  1:08  SCV  
  17  1:12  Barracks  
  17  1:22  SCV  
  17  1:25  Refinery  
  18  1:36  Marine  
  19  1:43  Command Center  
  19  1:47  Supply Depot  
  19  1:50  SCV  
  19  1:54  Marine  
  21  2:04  Marine  
  22  2:10  SCV  
  23  2:22  SCV  
  24  2:24  Engineering Bay  
  24  2:34  SCV  
  24  2:35  Barracks Tech Lab  
  25  2:45  Barracks Reactor  
  25  2:46  SCV  
  26  2:56  Refinery  
  26  2:58  SCV  
  27  3:05  Supply Depot  
  27  3:07  Marine  
  27  3:10  SCV  
  29  3:18  SCV  
  30  3:22  SCV  
  31  3:29  Marine  
  31  3:30  SCV  
  31  3:31  Marauder, Missile Turret  
  35  3:42  SCV  
  35  3:44  Factory  
  35  3:47  SCV  
  37  3:52  Marauder  
  37  3:54  SCV  
  40  4:04  Marine  
  41  4:12  SCV x2  
  41  4:13  Marauder  
  45  4:24  SCV x2  
  45  4:26  Marine  
  48  4:33  Factory Tech Lab  
  48  4:35  Starport  
  48  4:39  Refinery, SCV  
  48  4:42  Orbital Command  
  49  4:47  Terran Infantry Weapons Level 1  
  49  4:48  Missile Turret  
  49  4:50  Stimpack  
  49  4:53  Marine x2  
  49  4:54  Marine  
  49  4:57  Widow Mine, Barracks  
  54  5:17  SCV  
  55  5:21  Supply Depot  
  55  5:26  Supply Depot  
  55  5:29  SCV  
  55  5:32  Medivac  
  58  5:35  Missile Turret  
  58  5:45  Missile Turret  
  58  5:48  Orbital Command  
  58  5:49  SCV  
  59  5:52  Armory  
  59  6:00  Supply Depot, Marine x2  
  59  6:02  SCV  
  59  6:04  Barracks Reactor  
  62  6:05  Refinery  
  62  6:14  SCV  
  62  6:15  Siege Tank  
  66  6:19  Missile Turret  
  66  6:44  Command Center  
  66  6:46  Bunker  
  66  6:51  Terran Infantry Armor Level 1  
  66  6:53  Terran Vehicle And Ship Armor Level 1  
  66  7:01  SCV x2  
  68  7:06  Marine x2  
  68  7:07  Missile Turret, Marine  
  71  7:13  SCV x2  
  73  7:23  Supply Depot  
  73  7:25  SCV x2  
  73  7:29  Siege Tank  
  78  7:30  Marine x3  
  78  7:31  Marine  
  82  7:50  Marauder  
  82  7:51  Marine  
  85  8:01  Siege Tank  
  88  8:11  Marauder  
  82  8:23  Marine x2  
  82  8:24  Marine x2  
  86  8:28  SCV x2  
  86  8:29  Refinery, SCV  
  86  8:32  Marauder, Widow Mine  
  93  8:39  Refinery  
  93  8:40  SCV x2  
  93  8:41  Marine, SCV  
  96  8:44  Starport Reactor  
  97  8:52  SCV  
  97  8:53  Sensor Tower, Missile Turret, SCV  
  97  8:54  Marauder  
  101  8:58  Planetary Fortress  
  101  9:01  Widow Mine  
  103  9:04  SCV  
  103  9:05  SCV  
  105  9:15  Marauder  
  106  9:29  Widow Mine  
  96  9:34  Marine x4  
  96  9:37  Marauder  
  102  9:52  Marine x4  
  106  9:58  Marauder  
  108  10:06  Command Center  
  108  10:07  Combat Shields  
  108  10:09  Marine, Terran Infantry Armor Level 2  
  108  10:14  Engineering Bay  
  109  10:17  Supply Depot  
  109  10:19  Supply Depot  
  109  10:20  Supply Depot  
  109  10:24  Supply Depot  
  109  10:34  Marine  
  109  10:36  Marine  
  109  10:38  Widow Mine, Marine x3  
  112  10:46  Supply Depot  
  112  10:47  Supply Depot  
  104  10:51  Marine  
  104  10:53  Medivac x2  
  104  10:54  Marine  
  104  10:56  Marine x3  
  108  11:02  Terran Infantry Weapons Level 2  
  108  11:03  Barracks  
  108  11:06  Widow Mine  
  108  11:09  Marine  
  111  11:12  Marine  
  111  11:13  Marine  
  111  11:14  Marine x2  
  115  11:23  Medivac x2  
  115  11:24  SCV  
  115  11:25  SCV x3  
  123  11:26  Missile Turret  
  123  11:27  Marine  
  123  11:30  Marine  
  123  11:31  Marine x2  
  123  11:32  Refinery  
  127  11:35  Widow Mine  
  127  11:36  Missile Turret  
  127  11:37  Command Center, SCV x4  
  131  11:40  Missile Turret  
  131  11:49  SCV x2  
  132  11:58  Marine x3  
  132  11:59  Marine x2  
  119  12:03  Widow Mine  
  115  12:16  Bunker, Marine x4  
  119  12:30  Terran Vehicle Weapons Level 1  
  119  12:32  Barracks Tech Lab  
  119  12:37  Factory  
  119  12:39  SCV x3  
  119  12:41  Planetary Fortress  
  122  12:46  Missile Turret  
  122  12:51  SCV x3  
  123  13:08  Missile Turret  
  119  13:15  Terran Infantry Armor Level 3  
  118  13:41  Marauder x2, Marine  
  122  13:42  Marine x3  
  126  13:50  SCV x5  
  131  13:59  Marine x2  
  131  14:00  Refinery, Marine x2  
  131  14:02  Marauder x2, SCV x5  
  144  14:08  Supply Depot x2  
  144  14:14  SCV  
  145  14:17  Marine  
  145  14:24  Marauder x2  
  150  14:30  Supply Depot x2  
  149  14:32  Liberator x2  
  149  14:46  Thor  
  161  14:53  Supply Depot x2  
  161  14:57  Refinery  
  161  15:03  Refinery  
  161  15:05  Orbital Command  
  161  15:15  Liberator x2, Supply Depot  
  161  15:21  Terran Ship Weapons Level 1  
  161  15:29  Thor  
  161  15:35  Missile Turret  
  171  15:57  Liberator  
  171  16:12  Thor  
  152  16:41  Marine x3  
  152  16:42  Marine x3  
  151  16:56  Missile Turret  
  151  16:58  Command Center  
  151  16:59  Marine x5  
  151  17:00  Marine  
Tags
 
Add a new tag
Caveats
  • Supply blocks, unpowered buildings, or Contaminate may cause inaccurate times.
  • Supply counts are checked every 10 seconds.